Map: Abyssal Reef LE

Players

RiSky

  • Race: Zerg Zerg
  • Spawn Location: 5:00

losira - Winner!

  • Race: Zerg Zerg
  • Spawn Location: 11:00

Event: IEM XI Katowice - World Championship 2017

VOD

Have the link to the VOD?

Description

Time

  • Played on: Feb. 28, 2017, 6:04 a.m.
  • Length: 10:27

All games in this series

Show
View Real Time Build Order
Export as new Build Order

RiSky Zerg 

Build Orders: Pool First 

Get SALT Encoding   

  12  0:00  Drone  
  13  0:12  Overlord  
  13  0:17  Drone  
  14  0:31  Drone x2  
  14  0:34  Drone  
  17  0:45  Spawning Pool  
  17  0:48  Drone  
  17  1:09  Hatchery  
  16  1:12  Drone  
  17  1:31  Queen  
  17  1:32  Zergling x6  
  22  1:39  Extractor  
  21  1:42  Overlord  
  21  1:56  Drone  
  22  2:05  Drone  
  22  2:07  Queen  
  25  2:15  Drone  
  26  2:20  Queen  
  26  2:21  Drone  
  29  2:25  Drone  
  30  2:42  Drone  
  29  2:44  Drone x2  
  29  2:45  Lair  
  29  2:46  Drone x2  
  29  2:49  Drone  
  34  2:54  Overlord  
  34  3:02  Drone  
  35  3:09  Overlord  
  35  3:17  Drone x2  
  37  3:21  Evolution Chamber  
  37  3:23  Roach Warren  
  37  3:24  Overlord  
  37  3:26  Drone  
  35  3:28  Drone  
  35  3:30  Drone  
  38  3:34  Drone  
  38  3:36  Drone  
  38  3:37  Extractor  
  38  3:38  Extractor  
  38  3:39  Drone  
  38  3:47  Zerg Missile Weapons Level 1  
  39  3:48  Drone x2  
  39  3:50  Drone  
  39  3:52  Drone  
  42  3:57  Drone  
  42  3:58  Drone x2  
  42  4:02  Drone  
  46  4:04  Overlord  
  46  4:09  Glial Reconstitution  
  46  4:11  Drone  
  46  4:12  Drone  
  48  4:29  Roach x5  
  58  4:36  Hatchery  
  57  4:40  Roach  
  57  4:44  Overlord  
  59  4:54  Overseer  
  59  4:58  Overlord  
  59  5:01  Overlord  
  59  5:07  Roach  
  59  5:08  Roach x3  
  67  5:16  Overlord  
  67  5:19  Roach x4  
  75  5:22  Roach x3  
  83  5:28  Roach  
  83  5:37  Drone  
  83  5:38  Drone x4  
  88  5:44  Overlord  
  88  5:48  Drone  
  88  5:49  Drone  
  90  5:54  Roach  
  90  5:55  Zerg Missile Weapons Level 2  
  92  5:58  Roach x3  
  92  6:01  Overlord  
  98  6:04  Overlord  
  98  6:09  Roach x3  
  98  6:11  Overlord, Ravager x2  
  106  6:16  Overlord  
  106  6:21  Roach x3  
  110  6:33  Roach x3  
  110  6:38  Ravager  
  117  6:44  Roach  
  117  6:45  Roach x3  
  123  6:48  Drone  
  123  6:49  Drone x9  
  131  6:56  Roach  
  131  6:59  Roach  
  135  7:03  Roach  
  135  7:06  Overlord  
  137  7:11  Overlord  
  137  7:20  Overlord  
  137  7:27  Overseer  
  137  7:28  Roach  
  137  7:29  Roach x3  
  145  7:31  Overlord x2  
  145  7:33  Roach x2  
  145  7:34  Roach x2  
  153  7:38  Overlord  
  153  7:40  Overlord  
  153  7:43  Overlord x2  
  153  7:44  Queen  
  155  7:53  Roach x3  
  155  7:54  Hatchery  
  155  7:56  Roach x2  
  155  7:57  Overlord  
  164  7:59  Roach  
  164  8:04  Roach x2  
  170  8:06  Roach  
  170  8:09  Overlord  
  170  8:15  Roach  
  170  8:16  Roach x3  
  178  8:24  Roach x2  
  178  8:25  Roach x3  
  186  8:36  Roach  
  186  8:37  Roach x5  
  188  8:42  Drone  
  188  8:43  Drone  
  182  8:53  Roach  
  182  8:54  Roach x2  
  181  9:00  Drone x8  
  185  9:05  Roach  
  187  9:11  Ravager  
  187  9:14  Roach x3  
  194  9:18  Roach  
  194  9:19  Roach  
  196  9:32  Roach x2  
  190  9:51  Roach x10  
  190  9:52  Roach  
  188  9:56  Roach  
  147  10:03  Roach x2  
  115  10:07  Roach x2  
Show
View Real Time Build Order
Export as new Build Order

losira Zerg - Winner!

Build Orders: Hatch First 

Get SALT Encoding   

  12  0:00  Drone  
  13  0:08  Drone  
  14  0:15  Extractor, Drone  
  15  0:21  Overlord  
  15  0:45  Hatchery  
  15  0:48  Drone  
  15  0:51  Drone  
  16  1:07  Spawning Pool  
  16  1:10  Drone  
  16  1:13  Drone  
  17  1:19  Drone  
  17  1:21  Drone  
  17  1:24  Extractor  
  18  1:48  Drone  
  18  1:53  Queen  
  21  1:56  Drone  
  21  1:57  Queen, Drone x2  
  26  2:05  Zergling x2  
  26  2:07  Drone  
  28  2:19  Overlord  
  28  2:20  Overlord  
  28  2:37  Queen  
  28  2:39  Drone  
  28  2:42  Drone  
  30  2:45  Drone  
  30  2:49  Drone  
  30  2:50  Drone  
  33  2:54  Drone  
  33  2:55  Lair  
  33  2:58  Drone  
  35  3:01  Drone  
  35  3:03  Drone  
  35  3:04  Drone  
  38  3:06  Drone  
  38  3:11  Drone  
  38  3:12  Drone  
  41  3:17  Drone x3  
  44  3:23  Drone  
  44  3:26  Overlord, Evolution Chamber  
  43  3:32  Extractor  
  43  3:33  Extractor  
  41  3:35  Roach Warren  
  41  3:37  Drone  
  41  3:38  Drone  
  41  3:40  Drone  
  43  3:41  Drone  
  43  3:45  Drone  
  43  3:46  Drone  
  43  3:47  Drone  
  47  3:48  Drone  
  47  3:49  Drone  
  47  3:54  Zerg Missile Weapons Level 1  
  49  3:58  Overlord  
  49  3:59  Overseer  
  49  4:08  Overlord x2  
  49  4:15  Glial Reconstitution  
  49  4:18  Roach x3  
  49  4:20  Roach  
  49  4:23  Roach  
  59  4:31  Hatchery  
  59  4:36  Overlord  
  58  4:40  Roach x2  
  58  4:43  Roach  
  66  4:45  Roach  
  66  4:48  Roach  
  66  4:50  Roach  
  66  4:51  Roach  
  72  4:54  Roach  
  72  4:56  Roach  
  72  4:59  Roach  
  78  5:02  Roach  
  78  5:06  Overlord  
  80  5:07  Roach  
  80  5:10  Roach  
  84  5:16  Overlord  
  84  5:26  Roach x4  
  92  5:28  Overlord  
  92  5:35  Overlord  
  92  5:41  Roach  
  92  5:42  Roach x3  
  100  5:45  Overlord  
  100  5:49  Roach  
  102  5:50  Zerg Missile Weapons Level 2, Roach  
  104  5:58  Drone  
  104  5:59  Drone x4  
  104  6:03  Drone  
  110  6:05  Drone  
  110  6:07  Evolution Chamber  
  110  6:11  Drone  
  111  6:13  Drone  
  111  6:16  Roach x3  
  111  6:17  Drone  
  120  6:18  Drone  
  120  6:20  Roach  
  120  6:22  Drone  
  120  6:23  Drone  
  124  6:27  Roach  
  124  6:31  Roach  
  128  6:35  Zerg Ground Armor Level 1, Extractor, Roach  
  128  6:36  Extractor  
  128  6:37  Roach  
  128  6:40  Roach  
  128  6:44  Roach  
  128  6:45  Overlord  
  130  6:48  Overlord  
  130  6:53  Roach x3  
  130  6:56  Overlord x2  
  130  7:05  Roach x4  
  140  7:08  Roach x2  
  140  7:13  Roach x2  
  146  7:19  Roach x4  
  152  7:23  Drone  
  152  7:24  Drone x2  
  152  7:27  Roach  
  152  7:29  Overlord  
  157  7:32  Overlord  
  157  7:38  Ravager  
  157  7:39  Ravager  
  157  7:40  Overlord  
  157  7:44  Overlord  
  159  7:47  Ravager  
  159  7:48  Ravager x2  
  159  7:50  Roach  
  164  7:52  Roach, Drone  
  164  7:53  Drone  
  164  7:55  Roach  
  164  7:58  Roach x2  
  174  8:01  Overlord  
  174  8:04  Roach x2  
  178  8:07  Roach x2  
  178  8:08  Overlord  
  178  8:12  Roach x2  
  186  8:17  Overlord  
  186  8:19  Overlord  
  186  8:28  Roach x7  
  186  8:32  Overlord  
  198  8:35  Roach x2  
  190  8:41  Drone  
  190  8:42  Drone x4  
  190  8:45  Queen  
  193  8:50  Roach  
  193  8:51  Roach  
  186  9:02  Roach  
  186  9:03  Roach x4  
  186  9:05  Roach  
  186  9:07  Ravager  
  186  9:08  Ravager x2  
  186  9:09  Roach  
  199  9:30  Hatchery  
  198  9:34  Roach  
  200  9:41  Roach  
  200  9:43  Roach  
  200  9:45  Roach  
  200  9:47  Roach  
  200  9:50  Roach x4  
  198  9:57  Roach  
  198  9:58  Roach  
  161  10:00  Roach  
  161  10:03  Roach  
  161  10:04  Roach  
  161  10:05  Roach x6  
  159  10:07  Roach  

Tags
 
Add a new tag
Caveats
  • Supply blocks, unpowered buildings, or Contaminate may cause inaccurate times.
  • Supply counts are checked every 10 seconds.